 Dungeon Crawl Stone Soup version 0.30.0-10-gfe55d96785 (webtiles) character file.

Game seed: 7201706387564201724

16 Twinkles the Trooper (level 2, -8/27 HPs)
             Began as a Hill Orc Fighter on May 15, 2023.
             Killed by nerve-wracking pain
             ... invoked by Jessica
              (10 damage)
             ... on level 2 of the Dungeon.
             The game lasted 00:00:53 (1157 turns).

Twinkles the Trooper (Hill Orc Fighter)             Turns: 1157, Time: 00:00:54

Health: -8/27      AC:  6    Str: 18    XL:     2   Next: 54%
Magic:  2/2        EV:  9    Int:  8    God:
Gold:   30         SH:  4    Dex: 10    Spells: 1/1 levels left

rFire   . . .        a - +0 war axe
rCold   . . .        c - +0 buckler
rNeg    . . .        b - +0 scale mail
rPois   .            (no helmet)
rElec   .            (no cloak)
rCorr   .            (no gloves)
SInv    .            (no boots)
Will    .....        (no amulet) Stlth
                     (no ring)
HPRegen 0.24/turn    (no ring)
MPRegen 0.08/turn

%: no passive effects
@: slowed, very slow
A: no striking features
a: no special abilities


You were on level 2 of the Dungeon.
You visited 1 branch of the dungeon, and saw 2 of its levels.

You collected 30 gold pieces.

Inventory:

Hand Weapons
 a - a +0 war axe (weapon)
Armour
 b - a +0 scale mail (worn)
 c - a +0 buckler (worn)
Scrolls
 d - a scroll of enchant weapon {unknown}
 e - a scroll of teleportation {unknown}
Potions
 M - 2 potions of might


   Skills:
 + Level 3.9 Fighting
 * Level 3.5 Axes
 + Level 3.5 Armour
 - Level 3.2 Shields


You had one spell level left.
You didn't know any spells.
Your spell library was empty.

Dungeon Overview and Level Annotations

Branches:
Dungeon (2/15) Zot: 10803

Altars:

Annotations:
D:2 Jessica


Message History

There is a stone staircase leading down here.
You climb downwards.
There is a stone staircase leading up here.
Jessica the Apprentice Sorceress comes into view.
She is wielding a +0 dagger.
Jessica shouts!
Jessica casts a spell.
Jessica seems to speed up.
Jessica casts a spell at you.
You feel yourself slow down.
Found a stone staircase leading down.
Jessica points at you and mumbles some strange words.
Pain shoots through your body!
Jessica gestures wildly while chanting.
Jessica blinks!
Jessica mumbles some strange words.
Jessica blinks!
Jessica points at you and mumbles some strange words.
You barely resist.
Jessica shouts, "You're disturbing me!
I'll have to kill you!" You block Jessica's attack.
Jessica drinks a potion.
Jessica's spells are empowered!
Jessica mumbles some strange words.
Jessica blinks!
Jessica hits you with a +0 dagger.
You barely miss Jessica. Jessica hits you with a +0 dagger.
* * * LOW HITPOINT WARNING * * *
Jessica says, "Why did you come here?" Jessica misses you.
Jessica casts a spell.
Jessica blinks!
You closely miss Jessica. You block Jessica's attack.
Jessica hits you with a +0 dagger.
* * * LOW HITPOINT WARNING * * *
Jessica hits you with a +0 dagger.
* * * LOW HITPOINT WARNING * * *
You closely miss Jessica. Jessica hits you but does no damage.
Jessica looks very angry.
Jessica points at you and mumbles some strange words.
Pain shoots through your body!
You die...

#... ## #... .### #...
>.. ##...####.## ####
#..........# #...
#..........# ########.#.
#......@...# #......#.#.
#......@...# #......#<#.
#..........# #......###.
#..........# ###.#......
#####.##########.######.
#.# #...##.##..... #.#
#.#.#.....##.#
#.#####.#.########.#
#.##....#..........#
#.##.###############


You could see Jessica (fast, empowered).

Vanquished Creatures
  A dart slug (D:1)
  A bat (D:1)
  An endoplasm (D:1)
  2 goblins (D:1)
  2 hobgoblins (D:1)
  4 ball pythons (D:1)
  3 rats (D:1)
14 creatures vanquished.

Notes
Turn   | Place    | Note
-------+----------+-------------------------------------------
     0 | D:1      | Twinkles the Hill Orc Fighter began the quest for the Orb.
     0 | D:1      | Reached XP level 1. HP: 19/19 MP: 1/1
   194 | D:1      | Found a faded altar of an unknown god.
   270 | D:1      | Reached XP level 2. HP: 26/27 MP: 2/2
  1148 | D:2      | Noticed Jessica
  1154 | D:2      | HP: 6/27 [Jessica/+0 dagger (6)]
  1156 | D:2      | HP: 1/27 [Jessica/+0 dagger (5)]
  1157 | D:2      | Killed from afar by Jessica

Illustrated notes

Levels and vault maps discovered:
D:1:      matt_arrival_diagonals, layout_loops_ring,
          hellmonk_ecumenical_altar_leap_of_faith,
          chequers_serial_rivers_large_a, hangedman_decor_diamond_cutter,
          grunt_decor_mini_mirrors, chequers_serial_rivers_micro_d,
          lemuel_flame_loot_1
D:2:      layout_basic, uniq_jessica

Skill      XL: |  1 |
---------------+----+-----
Axes           | 3 |  3.5
Fighting       | |  3.9
Armour         | |  3.5
Shields        | |  3.2

Action                     || total
---------------------------++-------
  Melee: War axe           ||    41
 Armour: Scale mail        ||    13
  Dodge: Dodged            ||    17
  Block: Buckler           ||    12
